 Dungeon Crawl Stone Soup version 0.23.2-30-g0e89c35649 (webtiles) character file.

Game seed: 16498262474406170943

12208 kudosu the Spear-Bearer (level 11, -37/101 HPs)
             Began as a Minotaur Berserker on June 6, 2019.
             Was an Elder of Trog.
             Annihilated by an enormous slime creature (57 damage)
             ... on level 12 of the Dungeon on June 13, 2019.
             The game lasted 01:57:53 (15580 turns).

kudosu the Spear-Bearer (Minotaur Berserker)       Turns: 15580, Time: 01:57:53

Health: -37/101    AC: 16    Str: 21    XL:     11   Next: 59%
Magic:  10/10      EV: 10    Int:  4    God:    Trog [****..]
Gold:   573        SH:  0    Dex: 14    Spells: 9/10 levels left

rFire    . . .     SeeInvis +   V - +3 halberd
rCold    + . .     Gourm    .   (shield currently unavailable)
rNeg     . . .     Faith    .   A - +1 chain mail {rC+}
rPois    +         Spirit   .   (helmet restricted)
rElec    .         Reflect  .   S - +0 cloak
rCorr    .         Harm     .   n - +0 pair of gloves
MR       ++...                  (no boots)
Stlth    ..........             (no amulet)
HPRegen  1.26/turn              f - ring of see invisible
MPRegen  0.12/turn              L - ring of poison resistance

@: regenerating
A: retaliatory headbutt, horns 2
a: Berserk, Trog's Hand, Brothers in Arms, Renounce Religion


You were on level 12 of the Dungeon.
You worshipped Trog.
Trog was greatly pleased with you.
You were not hungry.

You visited 2 branches of the dungeon, and saw 13 of its levels.
You also visited: Ossuary.

You collected 573 gold pieces.

Inventory:

Hand Weapons
 a - a +0 spear
 h - a +1 dagger of speed
 s - a +0 short sword of freezing
 t - a +2 vampiric hand axe
 B - a +3 flail
 T - a +2 halberd
 V - a +3 halberd (weapon)
Missiles
 e - 50 poisoned needles (quivered)
 J - 5 needles of confusion
Armour
 b - a +0 animal skin
 d - a +0 ring mail
 n - a +0 pair of gloves (worn)
 A - a +1 chain mail of cold resistance (worn)
 S - a +0 cloak (worn)
 U - the +4 pair of gloves of the Prince {*Corrode rElec rC++ Str+4, unknown}
   (You found it on level 11 of the Dungeon)

   It affects your strength (+4).
   It greatly protects you from cold.
   It insulates you from electricity.
   It may corrode you when you take damage.
Jewellery
 f - a ring of see invisible (left hand)
 k - an uncursed ring of wizardry
 v - a cursed -2 ring of intelligence {unknown}
 L - a ring of poison resistance (right hand)
Wands
 y - a wand of iceblast (2)
 F - a wand of flame (28)
 K - a wand of acid (4)
 O - a wand of polymorph (17)
 Q - a wand of enslavement (10)
 R - a wand of clouds (4)
Scrolls
 j - 11 scrolls of remove curse
 m - 8 scrolls of teleportation
 p - a scroll of enchant weapon
 r - a scroll of magic mapping {unknown}
 w - a scroll of amnesia {unknown}
 x - 3 scrolls of identify
 z - 3 scrolls of fog
 D - a scroll of fear {unknown}
 E - 4 scrolls of enchant armour
 N - a scroll of blinking {unknown}
 P - a scroll of brand weapon {unknown}
Potions
 g - a potion of invisibility {unknown}
 i - 3 potions of resistance {unknown}
 l - 2 potions of flight {unknown}
 o - 2 potions of agility
 q - 3 potions of might {unknown}
 u - 2 potions of haste
 C - a potion of brilliance {unknown}
 G - a potion of curing
 H - a potion of lignification {unknown}
 I - a potion of degeneration {unknown}
 M - 2 potions of heal wounds {unknown}
Comestibles
 c - 8 rations


   Skills:
 + Level 10.6 Fighting
 + Level 14.7 Polearms
 + Level 1.0 Throwing
 + Level 11.9 Armour
 + Level 4.3 Dodging
 + Level 1.4 Stealth
 + Level 1.2 Evocations


You had 9 spell levels left.
You knew the following spells:

 Your Spells              Type           Power        Failure   Level  Hunger
a - Summon Small Mammal   Summ           #...         98%         1    ##.....

Your spell library contained the following spells:

 Spells                   Type           Power        Failure   Level  Hunger
 Animate Skeleton         Necr           N/A          98%         1    ##.....
 Apportation              Tloc           #.....       98%         1    ##.....
 Confusing Touch          Hex            #.....       98%         1    ##.....
 Poisonous Vapours        Pois/Air       #.....       99%         2    ###....
 Confuse                  Hex            #.......     100%        3    ####...
 Conjure Flame            Conj/Fire      #.......     100%        3    ####...
 Gell's Gravitas          Tloc           #.........   100%        3    ####...
 Mephitic Cloud           Conj/Pois/Air  #.......     100%        3    ####...
 Petrify                  Tmut/Erth      #.......     100%        4    #####..
 Metabolic Englaciation   Hex/Ice        #.........   100%        5    ######.
 Yara's Violent Unravell  Hex/Tmut       #.........   100%        5    ######.
 Freezing Cloud           Conj/Ice/Air   #.........   100%        6    #######
 Ring of Flames           Chrm/Fire      #.........   100%        7    #######


Dungeon Overview and Level Annotations

Branches:
Dungeon (12/15)            Temple (1/1) D:4            Lair (0/6) D:11
    Orc: D:9-12

Altars:
Ashenzari
Cheibriados
Dithmenos
Elyvilon
Fedhas
Gozag
Hepliaklqana
Kikubaaqudgha
Makhleb
Nemelex Xobeh
Okawaru
Qazlal
Ru
Sif Muna
Trog
Uskayaw
Vehumet
Wu Jian
Xom
Yredelemnul
Zin
The Shining One

Portals:
Trove: D:11 (give 16 scrolls of teleportation)

Annotations:
D:6 Blork the orc
D:7 1 runed translucent door
D:8 1 runed translucent door, HASTUR3's ghost, novice OpMo


Innate Abilities, Weirdness & Mutations

You reflexively headbutt those who attack you in melee.
You have a pair of horns on your head.


Message History

The enormous slime creature is heavily wounded.
You slice the enormous slime creature!!
The enormous slime creature is heavily wounded.
You hit the enormous slime creature.
You headbutt the enormous slime creature!
The enormous slime creature is heavily wounded.
The enormous slime creature hits you!
* * * LOW HITPOINT WARNING * * *
You hit the enormous slime creature.
The enormous slime creature is heavily wounded.
You impale the enormous slime creature!!
The enormous slime creature is severely wounded.
The enormous slime creature hits you!
* * * LOW HITPOINT WARNING * * *
You hit the enormous slime creature.
The enormous slime creature is severely wounded.
The enormous slime creature closely misses you.
You feel better. The enormous slime creature hits you!!!
Ouch! That really hurt!
You die...

#.......#
#............#
#.......#
#(###........#
#.......# #.#
#........#
##.......###.#
#........#
.............#
#........#
##...#.......#
#........#
##...#...##..#
#........#
##...#...##..#
#........#
##...#...##..#
#@#####..# ##...#
..##..###J# #..#
#...# .##......#
#..#
##...#...##......#
#..#
(#...#...##.J###.#
#..#
.....#...##..# #.#
#..#
.....#∩..##J.# #.#
#..#
##)..#...##..#
#.#####..#
#.J..#...##J.#
#........#


You could see an enormous slime creature.

Vanquished Creatures
  3 two-headed ogres
  A centaur warrior (D:10)
  An orb spider (shapeshifter) (D:11)
  2 centaur skeletons (D:11)
  A kobold demonologist (D:12)
  A troll (D:11)
  2 slime creatures (D:12)
  A hippogriff (D:10)
  A spriggan (D:7)
  A wyvern (D:12)
  11 yaks
  A basilisk (D:11)
  Menkaure (D:6)
  A steam dragon (D:12)
  2 wargs (D:11)
  A soldier ant (D:10)
  2 ice beasts
  2 sky beasts
  2 black bears
  4 orc warriors
  2 phantoms
  4 ogres
  A necrophage (D:9)
  3 centaurs
  3 big kobolds (D:12)
  5 bullfrogs
  6 scorpions
  3 killer bees (D:11)
  3 howler monkeys
  12 wights
  A centaur zombie (Ossuary)
  4 crimson imps
  2 quasits
  2 bullfrog skeletons
  2 jellies (D:8)
  7 orc priests
  3 hounds
  2 iguanas
  Ijyb (D:4)
  7 orc wizards
  12 worker ants
  Terence (D:3)
  3 hound zombies
  2 hound skeletons
  A howler monkey zombie (D:8)
  12 adders
  12 gnolls
  4 shadow imps
  3 adder zombies
  An adder skeleton (D:9)
  4 worms
  6 leopard geckos
  35 orcs
  15 bats
  5 giant cockroaches (D:7)
  16 hobgoblins
  9 jackals
  5 quokkas
  4 ball python skeletons (Ossuary)
  4 frilled lizards
  5 goblins (D:1)
  2 hobgoblin skeletons (Ossuary)
  A jackal skeleton (D:4)
  10 kobolds
  A kobold zombie (Ossuary)
  A leopard gecko zombie (D:8)
  11 rats
  A butterfly (D:7)
  2 plants
302 creatures vanquished.

Notes
Turn   | Place    | Note
-------+----------+-------------------------------------------
     0 | D:1      | kudosu the Minotaur Berserker began the quest for the Orb.
     0 | D:1      | Reached XP level 1. HP: 19/19 MP: 0/0
   193 | D:1      | Reached XP level 2. HP: 27/27 MP: 1/1
   261 | D:1      | Reached skill level 4 in Polearms
   720 | D:1      | Reached XP level 3. HP: 33/33 MP: 2/2
  1041 | D:2      | Reached ** piety under Trog
  1130 | D:2      | Reached XP level 4. HP: 36/40 MP: 3/3
  1460 | D:2      | Found a faded altar of an unknown god.
  1781 | D:3      | Noticed Terence
  1801 | D:3      | Killed Terence
  1801 | D:3      | Reached skill level 5 in Polearms
  1902 | D:3      | Reached XP level 5. HP: 47/47 MP: 4/4
  1988 | D:3      | Reached *** piety under Trog
  2807 | D:4      | Found an ornate altar of the Wu Jian Council.
  2866 | D:4      | Found a sand-covered staircase.
  2872 | Ossuary  | Entered an ossuary
  2913 | Ossuary  | Reached XP level 6. HP: 53/53 MP: 5/5
  2951 | Ossuary  | Reached skill level 6 in Polearms
  3155 | Ossuary  | Noticed a flying skull
  3155 | Ossuary  | Noticed a wraith
  3442 | D:4      | Reached skill level 5 in Armour
  3461 | D:4      | Found a staircase to the Ecumenical Temple.
  3739 | D:4      | Reached skill level 5 in Fighting
  3796 | D:4      | Noticed Ijyb
  3804 | D:4      | Killed Ijyb
  3815 | D:4      | Found a shimmering altar of Xom.
  4078 | D:4      | Reached XP level 7. HP: 12/61 MP: 6/6
  4321 | D:4      | Reached skill level 7 in Polearms
  4629 | Temple   | Entered the Ecumenical Temple
  4834 | D:5      | Entered Level 5 of the Dungeon
  5003 | D:5      | Found a hide-covered altar of Uskayaw.
  5004 | D:5      | Found a sparkling altar of Nemelex Xobeh.
  5494 | D:5      | Reached skill level 1 in Evocations
  6183 | D:6      | Reached skill level 8 in Polearms
  6183 | D:6      | Reached XP level 8. HP: 26/69 MP: 7/7
  6563 | D:6      | Noticed Blork the orc
  6799 | D:6      | Noticed Menkaure
  6815 | D:6      | Killed Menkaure
  6980 | D:6      | Reached skill level 1 in Stealth
  7101 | D:6      | Found a radiant altar of Vehumet.
  7477 | D:6      | Found a deep blue altar of Sif Muna.
  7626 | D:7      | Found a hazy altar of Hepliaklqana.
  7729 | D:7      | Reached **** piety under Trog
  7729 | D:7      | Reached skill level 9 in Polearms
  7754 | D:7      | Found a runed translucent door.
  7763 | D:7      | Found a runed translucent door.
  8178 | D:7      | Reached skill level 1 in Throwing
  8397 | D:7      | Received a gift from Trog
  8813 | D:7      | Reached XP level 9. HP: 62/79 MP: 8/8
  9345 | D:7      | Was placed under penance by Trog
  9347 | D:7      | Learned a level 1 spell: Summon Small Mammal
 10260 | D:8      | Reached skill level 10 in Polearms
 10410 | D:8      | Was forgiven by Trog
 10540 | D:8      | Found a basalt altar of Yredelemnul.
 10635 | D:8      | Found a runed translucent door.
 10635 | D:8      | Noticed HASTUR3's ghost (novice OpMo)
 10751 | D:8      | Found a stormy altar of Qazlal.
 11054 | D:8      | You fall through a shaft for 2 floors!
 11054 | D:10     | Entered Level 10 of the Dungeon
 11525 | D:9      | Found a bloodstained altar of Trog.
 11677 | D:9      | Reached skill level 11 in Polearms
 12629 | D:10     | Noticed a centaur warrior
 12651 | D:9      | Upgraded the game from 0.23.2-11-gf996548c65 to
                  | 0.23.2-30-g0e89c35649
 12683 | D:10     | Killed a centaur warrior
 12683 | D:10     | Reached skill level 10 in Armour
 12683 | D:10     | Reached XP level 10. HP: 58/88 MP: 9/9
 13438 | D:11     | Found a staircase to the Lair.
 13509 | D:11     | Reached skill level 12 in Polearms
 13527 | D:11     | Noticed an orb spider
 13527 | D:11     | a soldier ant changed into an orb spider
 13541 | D:11     | Killed an orb spider
 13763 | D:11     | Found a shadowy altar of Dithmenos.
 13917 | D:11     | Noticed a two-headed ogre
 13919 | D:11     | Reached skill level 13 in Polearms
 13967 | D:11     | Killed a two-headed ogre
 14202 | D:11     | Reached XP level 11. HP: 75/97 MP: 10/10
 14266 | D:11     | Noticed a two-headed ogre
 14295 | D:11     | Killed a two-headed ogre
 14551 | D:11     | Found a portal to a secret trove of treasure.
 14652 | D:11     | Got a pair of warped gloves
 15096 | D:12     | Reached skill level 10 in Fighting
 15099 | D:12     | Reached skill level 14 in Polearms
 15441 | D:12     | Noticed a two-headed ogre
 15449 | D:12     | Killed a two-headed ogre
 15580 | D:12     | Annihilated by an enormous slime creature

Skill      XL: |  1  2  3  4  5  6  7  8  9 10 11 |
---------------+----------------------------------+-----
Polearms       | 4 5 6 8 9 11 13 14 | 14.7
Fighting       | 4 5 7 8 9 10 | 10.6
Armour         | 3 4 5 6 8 10 11 | 11.9
Dodging        | 3 4 |  4.3
Evocations     | 1 |  1.2
Stealth        | 1 |  1.4
Throwing       | 1 |  1.0

Action                   |  1- 3 |  4- 6 |  7- 9 | 10-12 || total
-------------------------+-------+-------+-------+-------++-------
Melee: Spear             |    83 |   260 |   656 |    78 ||  1077
       Headbutt          |     7 |    61 |   136 |    78 ||   282
       Halberd           |       |       |       |   275 ||   275
Throw: Tomahawk          |       |       |     5 |       ||     5
Invok: Trog's Hand       |       |     2 |     4 |     4 ||    10
Evoke: Wand              |       |     1 |       |       ||     1
  Use: Scroll            |       |     4 |     8 |     2 ||    14
       Potion            |       |       |     1 |     1 ||     2
  Eat: Ration            |       |     3 |     9 |     3 ||    15
Armor: Ring mail         |    15 |    45 |     7 |       ||    67
       Animal skin       |     1 |       |       |       ||     1
       Chain mail        |       |       |   184 |    86 ||   270
Dodge: Dodged            |    34 |   103 |   175 |    98 ||   410
